General information
- name: BNet
- type: Ladder team game (AT/RT)
- host: Battle.net
- saver: STUPIDIDIOT
map: DragonFalls
- players: 8
- length: 31:03
- speed: Fast
- version: 1.27 W3XP
- replay type: Public
» download(115 KB)
Players
team 1 (winner)

»
IIIIIIIlllllllI (
blue | 25 APM | 94 actions | 03:43)
1 Blood Mage
1 Flame Strike
» actions
| Basic commands | 5 | |
| Build / train | 15 | |
| Enter build submenu | 6 | |
| Enter hero's abilities submenu | 1 | |
| Right click | 13 | |
| Select / deselect | 41 | |
| Use ability | 13 | |
94 total
» units
» buildings
| Altar of Kings | 1 | |
| Farm | 1 | |
| Moon Well | 1 | |
| Altar of Elders | 1 | |
4 total
» build order
00:08 Altar of Kings
00:23 Farm
00:37 Moon Well
00:45 Altar of Elders
STUPIDIDIOT (
yellow | 40 APM | 1235 actions | 31:03)
1 Paladin
1 Holy Light
3 Demon Hunter
2 Mana Burn
1 Evasion
» actions
| Assign group hotkey | 3 | |
| Basic commands | 113 | |
| Build / train | 82 | |
| Enter build submenu | 58 | |
| Enter hero's abilities submenu | 4 | |
| Remove unit from queue | 1 | |
| Right click | 562 | |
| Select / deselect | 286 | |
| Select group hotkey | 2 | |
| Use ability | 124 | |
1235 total
» units
» upgrades
| Masonry | 2 | |
| Lumber Harvesting | 1 | |
3 total
» buildings
| Lumber Mill | 3 | |
| Scout Tower | 45 | |
| Barracks | 2 | |
| Altar of Kings | 2 | |
| Farm | 2 | |
| Arcane Tower | 1 | |
| Tree of Life | 4 | |
| Spirit Tower | 1 | |
| Hunter's Hall | 1 | |
| Moon Well | 1 | |
| Guard Tower | 15 | |
| Ancient Protector | 16 | |
| Keep | 1 | |
| Castle | 1 | |
95 total
» build order
00:25 Lumber Mill
00:35 Scout Tower
00:42 Barracks
00:48 Altar of Kings
01:05 Barracks
01:20 Farm
01:35 Farm
02:03 Arcane Tower
04:52 Tree of Life
05:24 Tree of Life
05:54 Spirit Tower
05:59 Hunter's Hall
06:11 Moon Well
06:26 Scout Tower
06:28 Scout Tower
06:29 Scout Tower
06:30 Scout Tower
06:38 Scout Tower
06:39 Scout Tower
06:41 Scout Tower
06:43 Scout Tower
06:44 Scout Tower
06:45 Scout Tower
06:47 Scout Tower
06:48 Scout Tower
06:48 Scout Tower
06:49 Scout Tower
06:49 Scout Tower
06:49 Scout Tower
06:51 Scout Tower
06:51 Scout Tower
06:51 Scout Tower
07:23 Guard Tower
07:23 Guard Tower
07:28 Ancient Protector
07:29 Ancient Protector
07:29 Ancient Protector
07:30 Ancient Protector
07:31 Ancient Protector
07:31 Ancient Protector
07:32 Ancient Protector
07:33 Ancient Protector
07:48 Guard Tower
07:51 Keep
08:22 Lumber Mill
08:25 Lumber Mill
08:29 Guard Tower
09:05 Guard Tower
09:36 Ancient Protector
09:37 Ancient Protector
09:44 Ancient Protector
10:50 Ancient Protector
10:52 Ancient Protector
10:54 Ancient Protector
10:56 Ancient Protector
11:05 Guard Tower
11:07 Guard Tower
11:11 Scout Tower
11:11 Scout Tower
11:12 Scout Tower
11:14 Scout Tower
12:14 Altar of Kings
12:19 Guard Tower
12:22 Scout Tower
12:22 Scout Tower
12:22 Scout Tower
12:22 Scout Tower
12:23 Scout Tower
12:23 Scout Tower
12:24 Scout Tower
12:24 Scout Tower
12:25 Scout Tower
12:25 Scout Tower
12:25 Scout Tower
12:26 Scout Tower
13:21 Guard Tower
13:27 Scout Tower
13:28 Scout Tower
13:28 Scout Tower
13:28 Scout Tower
13:29 Scout Tower
13:30 Scout Tower
13:32 Scout Tower
13:36 Castle
13:38 Guard Tower
13:49 Scout Tower
13:49 Scout Tower
13:56 Guard Tower
14:09 Tree of Life
14:15 Guard Tower
14:25 Guard Tower
14:26 Guard Tower
14:52 Guard Tower
21:23 Tree of Life
CHRONICtOKE (
green | 40 APM | 121 actions | 02:59)
» actions
| Build / train | 7 | |
| Enter build submenu | 7 | |
| Right click | 59 | |
| Select / deselect | 42 | |
| Use ability | 6 | |
121 total
» units
» buildings
| Graveyard | 1 | |
| Crypt | 2 | |
| Ziggurat | 2 | |
| Altar of Darkness | 1 | |
6 total
» build order
00:43 Graveyard
00:49 Crypt
00:52 Crypt
00:59 Ziggurat
01:18 Ziggurat
01:34 Altar of Darkness

»
ipoop4u (
orange | 0 APM | 0 actions | 00:06)
team 2 (loser)

»
sdputer (
purple | 46 APM | 1443 actions | 31:02)
4 Beastmaster
2 Summon Bear
2 Summon Quilbeast
3 Tauren Chieftain
1 War Stomp
2 Endurance Aura
3 Shadow Hunter
2 Healing Wave
1 Hex
» actions
| Assign group hotkey | 28 | |
| Basic commands | 238 | |
| Build / train | 93 | |
| ESC pressed | 1 | |
| Enter build submenu | 29 | |
| Enter hero's abilities submenu | 10 | |
| Give item / drop item | 3 | |
| Remove unit from queue | 1 | |
| Right click | 191 | |
| Select / deselect | 278 | |
| Select group hotkey | 474 | |
| Use ability | 96 | |
1443 total
» units
| Peon | 10 | |
| Troll Headhunter/Berserker | 13 | |
| Goblin Shredder | 1 | |
| Kodo Beast | 1 | |
| Troll Witch Doctor | 5 | |
| Demolisher | 3 | |
33 total
» upgrades
| Witch Doctor Training | 2 | |
| Ranged Weapons | 3 | |
| Berserker Upgrade | 1 | |
| Burning Oil | 1 | |
| Armor | 3 | |
| War Drums Damage Increase | 1 | |
| Troll Regeneration | 1 | |
| Reinforced Defenses | 1 | |
| Spiked Barricades | 3 | |
| Berserker Strength | 1 | |
| Pillage | 1 | |
| Envenomed Spears | 1 | |
| Ensnare | 1 | |
| Liquid Fire | 1 | |
| Backpack | 1 | |
| Shaman Training | 2 | |
| Spirit Walker Training | 2 | |
| Melee Weapons | 3 | |
29 total
» buildings
| Orc Burrow | 7 | |
| War Mill | 1 | |
| Altar of Storms | 1 | |
| Barracks | 2 | |
| Stronghold | 1 | |
| Voodoo Lounge | 1 | |
| Fortress | 1 | |
| Great Hall | 2 | |
| Spirit Lodge | 1 | |
| Beastiary | 1 | |
| Watch Tower | 12 | |
30 total
» build order
00:24 Orc Burrow
00:37 War Mill
00:54 Altar of Storms
02:09 Barracks
02:13 Orc Burrow
02:44 Stronghold
02:59 Orc Burrow
03:10 Voodoo Lounge
05:06 Fortress
05:31 Great Hall
07:10 Spirit Lodge
07:14 Beastiary
07:18 Orc Burrow
07:25 Orc Burrow
07:33 Orc Burrow
08:04 Barracks
09:23 Orc Burrow
23:27 Great Hall
23:28 Watch Tower
23:29 Watch Tower
23:30 Watch Tower
23:31 Watch Tower
23:39 Watch Tower
23:42 Watch Tower
23:45 Watch Tower
23:48 Watch Tower
25:12 Watch Tower
25:15 Watch Tower
25:19 Watch Tower
25:22 Watch Tower
» items
| Healing Salve | 1 | |
| Tiny Great Hall | 1 | |
| Scroll of Speed | 2 | |
| Orb of Lightning | 1 | |
| Potion of Healing | 3 | |
| Scroll of Town Portal | 2 | |
10 total

»
bigdot (
pink | 51 APM | 1592 actions | 31:02)
6 Shadow Hunter
3 Serpent Ward
2 Healing Wave
1 Big Bad Voodoo
» actions
| Assign group hotkey | 22 | |
| Basic commands | 67 | |
| Build / train | 53 | |
| Enter build submenu | 61 | |
| Enter hero's abilities submenu | 6 | |
| Remove unit from queue | 1 | |
| Right click | 620 | |
| Select / deselect | 229 | |
| Select group hotkey | 443 | |
| Use ability | 90 | |
1592 total
» units
| Peon | 11 | |
| Troll Headhunter/Berserker | 13 | |
| Demolisher | 2 | |
| Wind Rider | 2 | |
| Troll Batrider | 8 | |
36 total
» upgrades
| Ranged Weapons | 3 | |
| Armor | 1 | |
| Troll Regeneration | 1 | |
| Liquid Fire | 1 | |
| Burning Oil | 1 | |
7 total
» buildings
| Altar of Storms | 1 | |
| Orc Burrow | 6 | |
| War Mill | 1 | |
| Barracks | 2 | |
| Watch Tower | 34 | |
| Stronghold | 1 | |
| Voodoo Lounge | 1 | |
| Great Hall | 1 | |
| Beastiary | 2 | |
| Fortress | 1 | |
50 total
» build order
00:21 Altar of Storms
00:25 Orc Burrow
00:57 War Mill
01:44 Orc Burrow
02:11 Barracks
02:36 Barracks
02:45 Orc Burrow
03:54 Orc Burrow
06:32 Watch Tower
07:01 Stronghold
07:19 Voodoo Lounge
07:44 Watch Tower
08:02 Orc Burrow
09:06 Great Hall
09:41 Beastiary
09:42 Beastiary
11:09 Orc Burrow
11:20 Fortress
22:55 Watch Tower
22:57 Watch Tower
23:00 Watch Tower
23:07 Watch Tower
23:09 Watch Tower
23:13 Watch Tower
23:18 Watch Tower
23:21 Watch Tower
23:52 Watch Tower
24:00 Watch Tower
24:49 Watch Tower
24:53 Watch Tower
24:57 Watch Tower
25:01 Watch Tower
25:05 Watch Tower
25:11 Watch Tower
25:18 Watch Tower
25:31 Watch Tower
25:36 Watch Tower
27:51 Watch Tower
28:13 Watch Tower
29:00 Watch Tower
29:21 Watch Tower
29:30 Watch Tower
29:31 Watch Tower
30:01 Watch Tower
30:12 Watch Tower
30:15 Watch Tower
30:19 Watch Tower
30:33 Watch Tower
30:55 Watch Tower
30:59 Watch Tower

»
Hitl3rsMustache (
red | 42 APM | 1312 actions | 31:02)
5 Crypt Lord
2 Carrion Beetles
2 Impale
1 Spiked Carapace
1 Death Knight
1 Death Coil
» actions
| Assign group hotkey | 64 | |
| Basic commands | 50 | |
| Build / train | 80 | |
| Enter build submenu | 23 | |
| Enter hero's abilities submenu | 6 | |
| Give item / drop item | 3 | |
| Remove unit from queue | 3 | |
| Right click | 612 | |
| Select / deselect | 288 | |
| Select group hotkey | 127 | |
| Use ability | 52 | |
1312 total
» units
| Acolyte | 13 | |
| Ghoul | 6 | |
| Crypt Fiend | 10 | |
| Meatwagon | 7 | |
| Obsidian Statue | 2 | |
| Frost Wyrm | 4 | |
| Gargoyle | 3 | |
45 total
» upgrades
| Creature Attack | 3 | |
| Creature Carapace | 2 | |
| Web | 1 | |
| Burrow | 1 | |
| Unholy Strength | 3 | |
| Unholy Armor | 2 | |
| Exhume Corpses | 0 | |
| Ghoul Frenzy | 1 | |
| Freezing Breath | 1 | |
| Destroyer Form | 1 | |
15 total
» buildings
| Ziggurat | 10 | |
| Altar of Darkness | 1 | |
| Crypt | 1 | |
| Nerubian Tower | 3 | |
| Graveyard | 1 | |
| Spirit Tower | 3 | |
| Halls of the Dead | 1 | |
| Tomb of Relics | 1 | |
| Slaughterhouse | 2 | |
| Black Citadel | 1 | |
| Sacrificial Pit | 1 | |
| Boneyard | 2 | |
27 total
» build order
00:15 Ziggurat
00:24 Altar of Darkness
00:44 Crypt
01:09 Nerubian Tower
01:18 Graveyard
02:28 Ziggurat
03:10 Ziggurat
03:28 Nerubian Tower
04:22 Ziggurat
05:22 Spirit Tower
06:06 Halls of the Dead
06:38 Tomb of Relics
07:00 Ziggurat
07:51 Ziggurat
07:58 Spirit Tower
08:35 Slaughterhouse
08:38 Slaughterhouse
09:22 Nerubian Tower
09:44 Black Citadel
10:47 Ziggurat
11:41 Sacrificial Pit
12:19 Ziggurat
12:22 Ziggurat
12:22 Ziggurat
13:21 Boneyard
13:30 Boneyard
22:40 Spirit Tower
» items
Chat log
(00:11 / Allies) STUPIDIDIOT: RUSH
(00:13 / Allies) STUPIDIDIOT: who take?
(00:17 / Allies) CHRONICtOKE: u
(00:18 / Allies) IIIIIIIlllllllI: I GOT HIM
(00:20 / Allies) IIIIIIIlllllllI: k
(00:20 / Allies) STUPIDIDIOT: mass and rush
(00:57 / All) IIIIIIIlllllllI: ACCORDING
(01:03 / All) IIIIIIIlllllllI: TO THE US SURPREME COURT
(01:07 / All) IIIIIIIlllllllI: ITS ILLEGAL FOR A WHITE GIRL
(01:10 / All) IIIIIIIlllllllI: TO RIM A BLACK MALE
(01:15 / All) IIIIIIIlllllllI: WE NEED TO CHANGE THAT
(01:18 / All) IIIIIIIlllllllI: YOU KNOW WHY?
(01:24 / All) IIIIIIIlllllllI: BECAUSE BLACK LIVES MATTER
(02:19 / Allies) CHRONICtOKE: rush my side top
(02:31 / Allies) CHRONICtOKE: will work best for my strat
(02:32 / All) IIIIIIIlllllllI: TP
(02:37 / Allies) CHRONICtOKE: and i can tower easy if need
(02:43 / All) IIIIIIIlllllllI: CrY More CRy more CRY MoRE crY More Cry More Cry more
(02:45 / All) IIIIIIIlllllllI: CrY More CRy more CRY MoRE crY More Cry More Cry more
(02:45 / All) IIIIIIIlllllllI: CrY More CRy more CRY MoRE crY More Cry More Cry more
(02:46 / All) IIIIIIIlllllllI: CrY More CRy more CRY MoRE crY More Cry More Cry more
(02:56 / All) CHRONICtOKE: wow
(02:58 / All) CHRONICtOKE: a leaver and a tker
(03:04 / All) Hitl3rsMustache: wooooo
(03:11 / All) IIIIIIIlllllllI: GO FUCK YOURSELF
(03:13 / All) STUPIDIDIOT: HAHA
(03:14 / All) STUPIDIDIOT: ypou failed
(03:25 / All) STUPIDIDIOT: failed tk LOL
(03:30 / All) IIIIIIIlllllllI: IN THE NAME OF THE FATHER
(03:31 / All) STUPIDIDIOT: HAHA
(03:32 / All) STUPIDIDIOT: HAHA
(03:33 / All) IIIIIIIlllllllI: aND OF THE SON
(03:38 / All) IIIIIIIlllllllI: AND OF THE COCKSUCKER YELLOW
(03:40 / All) IIIIIIIlllllllI: GOOD GAME
(03:47 / All) STUPIDIDIOT: LOL
(03:49 / All) STUPIDIDIOT: I
(03:55 / All) STUPIDIDIOT: he failed militia tp
(03:58 / All) STUPIDIDIOT: LOL
(03:59 / All) STUPIDIDIOT: also
(03:59 / All) Hitl3rsMustache: leave dick
(04:01 / All) STUPIDIDIOT: well
(04:04 / All) STUPIDIDIOT: I was about to leave
(04:07 / All) STUPIDIDIOT: but now I'm not
(04:08 / All) STUPIDIDIOT: faggot
(04:29 / All) STUPIDIDIOT: Also I was going pretend like I was building up then alt tab lol
(08:03 / All) STUPIDIDIOT: MH ALERT
(17:28 / All) Hitl3rsMustache: fuck you
(17:42 / All) STUPIDIDIOT: shouldn't have opened your big mouth
(17:54 / All) Hitl3rsMustache: waste of my life
(18:06 / All) STUPIDIDIOT: then alt qq
(18:12 / All) STUPIDIDIOT: why you care about a record in an old ass game
(20:01 / All) STUPIDIDIOT: red is very self-entitled
(20:04 / All) STUPIDIDIOT: you an only child?
(20:06 / All) Hitl3rsMustache: blow me
(20:27 / All) STUPIDIDIOT: ask your mom, I ask your mom when I need a bj
(20:37 / All) Hitl3rsMustache: good one loser
(20:51 / All) STUPIDIDIOT: yep, twice as good as "blow me"
(21:48 / All) STUPIDIDIOT: gg
(22:06 / All) Hitl3rsMustache: eat dick
(22:16 / All) STUPIDIDIOT: game would have been over what, 15 minutes ago?
(22:27 / All) STUPIDIDIOT: if only red wasn't such a self-entitled brat
(23:12 / All) STUPIDIDIOT: red's desperate for this win, trying to get 45%!
(26:28 / All) Hitl3rsMustache: ok dude
(28:55 / All) Hitl3rsMustache: fuck you
(31:00 / All) STUPIDIDIOT: red BABY